 Dungeon Crawl Stone Soup version 0.31-a0-222-gefeffbb62a (webtiles) character file.

Game seed: 7388977671756130107

13493 LynnLen the Covert (level 11, -4/56 HPs)
             Began as a Spriggan Enchanter on July 6, 2023.
             Was an Elder of Dithmenos.
             Slain by a merfolk (14 damage)
             ... on level 2 of the Lair of Beasts.
             The game lasted 00:45:03 (13728 turns).

LynnLen the Covert (Spriggan Enchanter)            Turns: 13728, Time: 00:45:03

Health: -4/56      AC: 11    Str:  4    XL:     11   Next: 76%
Magic:  3/24       EV: 10    Int: 27    God:    Dithmenos [****..]
Gold:   563        SH:  0    Dex: 16    Spells: 9/26 levels left

rFire   . . .        y - +2 dagger (venom)
rCold   . . .        (no shield)
rNeg    . . .        C - +0 acid dragon scales
rPois   .            (helmet restricted)
rElec   .            B - +0 cloak
rCorr   +            (gloves unavailable)
SInv    +            (boots unavailable)
Will    +....        N - amulet of regeneration
Stlth   ++++++++     d - +6 ring of intelligence
HPRegen 1.09/turn    n - +4 ring of protection
MPRegen 0.19/turn

%: no passive effects
@: confusing by touch, held, wreathed by umbra, very quick
A: very small, no large weapons, unfitting armour, see invisible, speed 3
a: Renounce Religion, Shadow Step


You were on level 2 of the Lair of Beasts.
You worshipped Dithmenos.
Dithmenos was greatly pleased with you.
You visited 3 branches of the dungeon, and saw 12 of its levels.
You also visited: Sewer.

You collected 587 gold pieces.
You spent 24 gold pieces at shops.

Inventory:

Hand Weapons
 y - a +2 dagger of venom (weapon)
Missiles
 j - 78 stones
 l - 34 poisoned darts
 r - 7 curare-tipped darts
 H - 2 throwing nets
Armour
 b - a +0 robe
 B - a +0 cloak (worn)
 C - +0 acid dragon scales (worn)
Jewellery
 d - a +6 ring of intelligence (left hand)
 m - a ring of ice
 n - a +4 ring of protection (right hand)
 z - a +6 ring of strength
 D - a ring of protection from fire
 I - a ring of resist corrosion
 N - an amulet of regeneration (around neck)
 O - a ring of positive energy
Wands
 q - a wand of polymorph (8)
 t - a wand of flame (51)
 x - a wand of acid (9)
Scrolls
 e - 3 scrolls of immolation
 g - 3 scrolls of teleportation
 h - 2 scrolls of poison
 s - 2 scrolls of revelation
 u - a scroll of summoning
 A - 4 scrolls of blinking
 E - a scroll of vulnerability
 F - a scroll of enchant weapon {unknown}
 J - a scroll of fear {unknown}
 K - 2 scrolls of enchant armour {unknown}
Potions
 c - 2 potions of invisibility
 f - 3 potions of cancellation
 i - 2 potions of might
 k - a potion of magic {unknown}
 o - a potion of resistance {unknown}
 p - 2 potions of heal wounds {unknown}
 v - a potion of curing
 w - 2 potions of lignification
 G - a potion of mutation {unknown}
 L - a potion of ambrosia {unknown}
 M - 2 potions of attraction
Miscellaneous
 a - a phial of floods


   Skills:
 + Level 5.3 Fighting
 + Level 7.0 Short Blades
 + Level 8.9 Dodging
 * Level 14.5 Stealth
 + Level 8.2 Spellcasting
 * Level 11.5 Hexes
 - Level 4.0 Ice Magic
 + Level 1.8 Invocations
 + Level 2.4 Evocations


You had 9 spell levels left.
You knew the following spells:

 Your Spells              Type           Power      Damage    Failure   Level
a - Ensorcelled Hibernat  Hex/Ice        100%       N/A       1%          2
b - Confusing Touch       Hex            65%        N/A       1%          3
c - Tukima's Dance        Hex            65%        N/A       1%          3
d - Fulminant Prism       Conj/Hex       21%        3d12      12%         4
e - Summon Mana Viper     Hex/Summ       42%        N/A       32%         5

Your spell library contained the following spells:

 Spells                   Type           Power      Damage    Failure   Level
 Dazzling Flash           Conj/Hex       84%        N/A       3%          3
 Magic Dart               Conj           44%        1d5       13%         1
 Searing Ray              Conj           22%        2d5       19%         2
 Sublimation of Blood     Necr           11%        N/A       19%         2
 Summon Ice Beast         Ice/Summ       21%        N/A       50%         4
 Animate Armour           Summ/Erth      22%        N/A       77%         4
 Petrify                  Tmut/Erth      11%        N/A       77%         4
 Summon Lightning Spire   Summ/Air       11%        N/A       77%         4
 Blade Hands              Tmut           5%         N/A       98%         5
 Irradiate                Conj/Tmut      5%         3d13      98%         5
 Monstrous Menagerie      Summ           5%         N/A       100%        7


Dungeon Overview and Level Annotations

Branches:
Dungeon (9/15)             Temple (1/1) D:5            Lair (2/5) D:9
  Sewer (visited)
  Swamp: Lair:2-3    Shoals: Lair:2-3     Snake: Lair:2-3    Spider: Lair:2-3
    Orc: D:9-12

Altars:
Ashenzari
Dithmenos
Elyvilon
Fedhas
Gozag
Hepliaklqana
Makhleb
Nemelex Xobeh
Qazlal
Trog
Uskayaw
Wu Jian
Zin

Shops:
D:2 (   D:3 **   D:4 *?

Annotations:
D:9 2 transporters, Zonian's ghost, journeyman DEIE


Innate Abilities, Weirdness & Mutations

You are very small and have problems with some larger weapons.
You are too small for most types of armour.
You have supernaturally acute eyesight. (SInv)
You cover ground extremely quickly. (Speed+++)


Message History

The merfolk siren is almost dead.
The merfolk hits you from afar with a +0 trident!!
The merfolk siren chants its luring song.
You hit the merfolk siren but do no damage.
The merfolk siren is almost dead.
Your +0 trident hits the merfolk siren from afar!
You break out of your daze!
The merfolk siren dies!
Dithmenos accepts your kill.
The merfolk throws a throwing net.
The throwing net misses you.
Okay, then.
The merfolk throws a throwing net.
The throwing net hits you.
You become entangled in the net!
You see here a throwing net.
Casting: Tukima's Dance (safe; 1% risk of failure)
Confirm with . or Enter, or press ? or * to list all spells.
Aiming: Tukima's Dance (safe; 1% risk of failure)
Press: ? - help, Shift-Dir - straight line, f - merfolk
Aim: a merfolk, wielding a +0 trident (ally target, umbra, chance to affect: 62%)
The merfolk resists with significant effort.
Your +0 trident hits the merfolk!
Casting: Tukima's Dance (safe; 1% risk of failure)
Confirm with . or Enter, or press ? or * to list all spells.
Aiming: Tukima's Dance (safe; 1% risk of failure)
Press: ? - help, Shift-Dir - straight line, f/p - merfolk
Aim: a merfolk, wielding a +0 trident (moderately wounded, ally target, umbra, chance to affect: 62%)
The +0 trident dances into the air!
Your +0 trident falls from the air.
Casting: Tukima's Dance (safe; 1% risk of failure)
Confirm with . or Enter, or press ? or * to list all spells.
Your hands begin to glow red.
The merfolk hits you.
You struggle against the net.
Your +0 trident barely misses the merfolk.
The merfolk hits you!
You struggle against the net.
Your +0 trident hits the merfolk from afar!
The merfolk hits you!
* * * LOW HITPOINT WARNING * * *
You struggle against the net.
The merfolk hits you!
You die...

##........P.P.P.P...........
##.........P.P.P.P.P.P.......
#.#............P.P.P.P.......
##.........PPPPPPP.PPP.......
#..............##..)........
#.<............###...m......
#...............##..........
##.............(.##..........
#...........@m.)#............
##.>.............#...........
##......(.†..)..†........h..
#.......##########..........
##......# #.....<....
#.......# #....h...F.
#..#.....# #..........
#####.##.# #...$...... .# #..
#..........


You could see a merfolk (ally target) and a friendly +0 trident.

Vanquished Creatures
  A catoblepas (Lair:1)
  A two-headed ogre (D:9)
  Pikel (D:9)
  An ugly thing (D:8)
  A black mamba (Lair:1)
  A cane toad (Lair:2)
  2 komodo dragons (Lair:1)
  Grinder (D:4)
  A hornet (D:8)
  2 shadows
  3 wyverns
  12 yaks
  2 basilisks (Lair:1)
  A steam dragon (D:9)
  A vampire mosquito (D:8)
  Menkaure (D:6)
  An acid dragon (D:5)
  3 water moccasins
  Duvessa (D:4)
  3 sky beasts (D:8)
  A black bear (D:7)
  5 orc warriors
  2 ice beasts (D:8)
  3 wolves (Lair:2)
  2 ogres
  3 centaurs
  4 kobold brigands (D:8)
  Blork the orc (D:4)
  A gnoll sergeant (D:5)
  7 bullfrogs
  4 scorpions
  7 wights
  Dowan (D:4)
  20 killer bees
  5 howler monkeys
  4 orc priests
  3 hounds
  4 jellies
  3 gnoll boudas
  5 iguanas
  A sleepcap (D:7)
  Natasha (thrice) (D:4)
  8 orc wizards
  5 hell rats
  5 gnolls
  10 adders
  2 river rats (Sewer)
  A white imp (D:7)
  An ufetubus (D:5)
  2 worms
  2 dart slugs (D:3)
  26 orcs
  2 bats
  7 endoplasms
  2 giant cockroaches
  10 goblins
  11 hobgoblins
  14 jackals
  5 quokkas
  7 ball pythons
  8 frilled lizards
  15 kobolds
  17 rats
289 creatures vanquished.

Vanquished Creatures (collateral kills)
  A merfolk siren (Lair:2)
  A merfolk (Lair:2)
  An orc warrior (D:8)
  4 wights
  6 gnolls
  3 orcs
16 creatures vanquished.

Vanquished Creatures (others)
  5 dancing weapons
5 creatures vanquished.

Grand Total: 310 creatures vanquished

Notes
Turn   | Place    | Note
-------+----------+-------------------------------------------
     0 | D:1      | LynnLen the Spriggan Enchanter began the quest for the Orb.
     0 | D:1      | Reached XP level 1. HP: 9/9 MP: 5/5
   151 | D:1      | Reached XP level 2. HP: 12/13 MP: 6/6
   682 | D:1      | Reached skill level 5 in Stealth
   686 | D:1      | Learned a level 2 spell: Ensorcelled Hibernation
   801 | D:1      | Reached XP level 3. HP: 11/17 MP: 8/8
  1578 | D:2      | Found Myom's Antique Weapon Boutique.
  1639 | D:2      | Noticed a scorpion
  1663 | D:2      | Killed a scorpion
  1664 | D:2      | Reached XP level 4. HP: 21/21 MP: 1/9
  1668 | D:2      | Learned a level 3 spell: Confusing Touch
  1672 | D:2      | Learned a level 3 spell: Tukima's Dance
  2136 | D:2      | Reached skill level 1 in Fighting
  2159 | D:2      | Reached XP level 5. HP: 25/25 MP: 10/10
  2411 | D:2      | Found a faded altar of an unknown god.
  2646 | D:3      | Reached skill level 6 in Stealth
  2942 | D:3      | Found Pycam's General Store.
  3014 | D:3      | Reached skill level 5 in Hexes
  3393 | D:3      | Found Haffeus's General Store.
  3483 | D:3      | Reached XP level 6. HP: 29/30 MP: 1/12
  3903 | D:4      | Found a sparkling altar of Nemelex Xobeh.
  4174 | D:4      | Found a glowing drain.
  4183 | Sewer    | Entered a sewer
  4523 | D:4      | Noticed Grinder
  4541 | D:4      | Noticed Dowan
  4558 | D:4      | Killed Dowan
  4559 | D:4      | Reached skill level 7 in Stealth
  4572 | D:4      | Noticed Duvessa
  4719 | D:4      | Killed Duvessa
  4720 | D:4      | Reached XP level 7. HP: 26/34 MP: 4/14
  4764 | D:4      | Killed Grinder
  4903 | D:4      | Noticed Blork the orc
  4909 | D:4      | Killed Blork the orc
  4910 | D:4      | Reached skill level 8 in Stealth
  4930 | D:4      | Noticed Natasha
  4933 | D:4      | Found Meruegoc's Magic Scroll Shoppe.
  4937 | D:4      | Killed Natasha
  4957 | D:4      | Bought a scroll of identify for 24 gold pieces
  4965 | D:4      | Noticed Natasha
  5142 | D:4      | Killed Natasha
  5246 | D:4      | Found Kylygomu's Elemental Accessories.
  5286 | D:4      | Noticed Natasha
  5302 | D:4      | Killed Natasha
  5338 | D:5      | Entered Level 5 of the Dungeon
  5542 | D:5      | Reached skill level 5 in Dodging
  5554 | D:5      | Reached XP level 8. HP: 32/39 MP: 5/15
  5775 | D:5      | Reached skill level 9 in Stealth
  5912 | D:5      | Reached skill level 5 in Spellcasting
  6038 | D:5      | Found a bloodstained altar of Trog.
  6154 | D:5      | Found a staircase to the Ecumenical Temple.
  6169 | Temple   | Entered the Ecumenical Temple
  6200 | Temple   | Became a worshipper of Dithmenos the Shadowed
  6684 | D:6      | Reached skill level 1 in Ice Magic
  6942 | D:6      | Found a blossoming altar of Fedhas.
  7076 | D:6      | Reached skill level 10 in Stealth
  7076 | D:6      | Reached XP level 9. HP: 44/44 MP: 15/18
  7468 | D:6      | Noticed Menkaure
  7474 | D:6      | Killed Menkaure
  7903 | D:7      | Reached * piety under Dithmenos
  8284 | D:7      | Found a broken altar of Ashenzari.
  8603 | D:8      | Reached skill level 5 in Short Blades
  8603 | D:8      | Reached skill level 11 in Stealth
  8790 | D:8      | Reached ** piety under Dithmenos
  8933 | D:8      | Reached XP level 10. HP: 43/49 MP: 20/20
  8984 | D:8      | Noticed a green ugly thing
  9195 | D:8      | Found an ornate altar of the Wu Jian Council.
  9273 | D:8      | Killed a green ugly thing
  9274 | D:8      | Reached skill level 12 in Stealth
 10344 | D:8      | Reached skill level 10 in Hexes
 10353 | D:8      | Reached *** piety under Dithmenos
 10783 | D:8      | Reached skill level 13 in Stealth
 11171 | D:9      | Found a staircase to the Lair.
 11300 | D:9      | Reached XP level 11. HP: 54/54 MP: 7/23
 11304 | D:9      | Noticed a two-headed ogre
 11306 | D:9      | Noticed Zonian's ghost (journeyman DEIE)
 11308 | D:9      | Noticed a two-headed ogre
 11310 | D:9      | Noticed a two-headed ogre
 11311 | D:9      | Noticed a tengu warrior
 11558 | D:9      | Found a transporter.
 11585 | D:9      | Noticed Pikel
 11604 | D:9      | Found a bloodstained altar of Trog.
 11611 | D:9      | Found a transporter.
 11647 | D:9      | Killed Pikel
 12425 | D:9      | Noticed a two-headed ogre
 12427 | D:9      | Killed a two-headed ogre
 12428 | D:9      | Reached skill level 5 in Fighting
 12726 | Lair:1   | Entered Level 1 of the Lair of Beasts
 12828 | Lair:1   | Found a burning altar of Makhleb.
 12836 | Lair:1   | Noticed a catoblepas
 12880 | Lair:1   | Reached skill level 14 in Stealth
 12880 | Lair:1   | Reached skill level 1 in Evocations
 13025 | Lair:1   | Killed a catoblepas
 13025 | Lair:1   | Reached **** piety under Dithmenos
 13026 | Lair:1   | Reached skill level 1 in Invocations
 13121 | Lair:1   | Noticed a death yak
 13140 | Lair:1   | Learned a level 4 spell: Fulminant Prism
 13146 | Lair:1   | Learned a level 5 spell: Summon Mana Viper
 13325 | Lair:1   | Noticed a death yak
 13728 | Lair:2   | Slain by a merfolk

Illustrated notes

Levels and vault maps discovered:
D:1:      dpeg_arrival_ratfight, layout_basic
D:2:      minmay_recursive_quarters, layout_basic,
          dreamdust_ecumenical_altar_angels_and_demons, serial_shops,
          shop_statue
D:3:      layout_loops_ring, serial_shops, nicolae_shop_hallway_stairs, shop,
          nicolae_half_adder
D:4:      layout_basic, nemelex_xobeh_ov_fountains_minmay, serial_shops,
          nicolae_shop_window_shopping, lightli_sewer_entry_pipes,
          minmay_misc_feat_room, nicolae_elemental_shop, uniq_grinder,
          uniq_duvessa, uniq_blork_the_orc, uniq_natasha
D:5:      layout_loops_ring, trog_butcher_becter,
          minmay_temple_entry_drinking_statues, kennysheep_generic_room_16
D:6:      layout_gridville, fedhas_ov_isle_minmay, grunt_ministairs_4,
          uniq_menkaure
D:7:      layout_basic, ashenzari_conservatory_becter, minmay_tree_intersection
D:8:      minmay_quarter_circles, layout_basic,
          mainiacjoe_overflow_tiny_flanked, hex_medium, bh_walls_and_bars
D:9:      layout_basic, lair_entry_dummy, gammafunk_ghost_wrathful_warriors,
          serial_bayou_pond_b, uniq_pikel
Temple:   nicolae_temple_superstar
Lair:1:   layout_roguey, basic_altar, grunt_forest_small_clearing_treed,
          grunt_megastairs_4
Lair:2:   layout_cave_pods, elwin_shoals_entry_stream, minmay_hedge_maze,
          eino_house_with_fridge

Skill      XL: |  1  2  3  4  5  6  7  8  9 10 11 |
---------------+----------------------------------+-----
Hexes          | 4 5 6 7 9 10 11 | 11.5
Stealth        | 5 6 7 8 10 11 13 14 | 14.5
Dodging        | 3 4 5 6 7 8 |  8.9
Spellcasting   | 3 4 5 6 7 8 |  8.2
Short Blades   | 2 3 4 5 6 7 |  7.0
Fighting       | 1 2 3 4 5 |  5.3
Ice Magic      | 1 2 3 4 |  4.0
Evocations     | 2 |  2.4
Invocations    | 1 |  1.8

Action                     |  1- 3 |  4- 6 |  7- 9 | 10-12 || total
---------------------------+-------+-------+-------+-------++-------
  Melee: Dagger            |   123 |   282 |   284 |   322 ||  1011
         Punch             |       |     4 |     3 |     5 ||    12
   Cast: Ensorcelled Hiber |     7 |    36 |    35 |    84 ||   162
         Tukima's Dance    |       |     5 |     8 |    25 ||    38
         Confusing Touch   |       |     4 |     6 |    17 ||    27
    Use: Scroll            |       |     4 |     6 |     3 ||    13
         Potion            |       |     1 |     1 |     3 ||     5
   Stab: Sleeping          |     8 |    36 |    38 |    57 ||   139
         Invisible         |       |     3 |       |       ||     3
         Confused          |       |     1 |     4 |    12 ||    17
         Distracted        |       |       |     1 |     1 ||     2
 Armour: Robe              |     7 |    22 |     9 |       ||    38
         Acid dragon scale |       |       |    37 |    37 ||    74
  Dodge: Dodged            |    72 |   195 |   176 |   226 ||   669

Table legend: (Time is in decaauts)
 A = Elapsed time spent in this place.
 B = Non-inter-level travel time spent in this place.
 C = Inter-level travel time spent in this place.
 D = Time resting spent in this place.
 E = Time spent auto-exploring this place.
 F = Levels seen in this place.
 G = Mean time per level.
                   A        B        C        D        E       F      G
               +--------+--------+--------+--------+--------+-----+--------+
         Total |   9682 |   9085 |    597 |   1601 |   3220 |  13 |  744.8 |
       Dungeon |   8731 |   8172 |    559 |   1345 |   3048 |   9 |  970.1 |
        Temple |     25 |     25 |      0 |      0 |     13 |   1 |   25.0 |
          Lair |    670 |    633 |     37 |     82 |    158 |   2 |  335.0 |
         Sewer |    255 |    255 |      0 |    173 |      0 |   1 |  255.0 |
               +--------+--------+--------+--------+--------+-----+--------+

Top non-repeatable levels by time:
     D:8: 1846 daAuts
     D:9: 1122 daAuts
     D:1: 1039 daAuts
     D:4: 875 daAuts
     D:2: 857 daAuts
     D:3: 825 daAuts
     D:5: 811 daAuts
     D:6: 748 daAuts
     D:7: 604 daAuts
  Lair:1: 506 daAuts
   Sewer: 255 daAuts
  Lair:2: 163 daAuts
  Temple: 25 daAuts
